 Dungeon Crawl Stone Soup version 0.25.0-1-g7eea58d2a3 (webtiles) character file.

Game seed: 14905120798144633590

212 Dirian the Slasher (level 5, 0/47 HPs)
             Began as a Minotaur Fighter on June 14, 2020.
             Slain by a gnoll
             ... wielding a +0 club
              (6 damage)
             ... on level 4 of the Dungeon.
             The game lasted 00:02:50 (1899 turns).

Dirian the Slasher (Minotaur Fighter)               Turns: 1899, Time: 00:02:51

Health: 0/47       AC:  8    Str: 22    XL:     5   Next: 58%
Magic:  4/4        EV:  7    Int:  5    God:
Gold:   102        SH:  9    Dex:  9    Spells: 4/4 levels left

rFire    . . .     SeeInvis .   a - +0 long sword
rCold    . . .     Gourm    .   c - +0 kite shield
rNeg     . . .     Faith    .   b - +0 scale mail
rPois    .         Spirit   .   (helmet restricted)
rElec    .         Reflect  .   (no cloak)
rCorr    .         Harm     .   (no gloves)
MR       .....                  v - +0 pair of boots
Stlth    ..........             (no amulet)
HPRegen  0.15/turn              (no ring)
MPRegen  0.09/turn              (no ring)

@: mighty, lightly drained
A: retaliatory headbutt, horns 2
a: no special abilities


You were on level 4 of the Dungeon.
You were hungry.

You visited 1 branch of the dungeon, and saw 5 of its levels.

You collected 102 gold pieces.

Inventory:

Hand Weapons
 a - a +0 long sword (weapon)
Armour
 b - a +0 scale mail (worn)
 c - a +0 kite shield (worn)
 f - a +0 chain mail
 v - a +0 pair of boots (worn)
Jewellery
 t - an uncursed ring of poison resistance {unknown}
Scrolls
 g - 2 scrolls of teleportation {unknown}
 h - 3 scrolls of identify {unknown}
 k - a scroll of fear {unknown}
 l - 2 scrolls of remove curse {unknown}
 n - a scroll of magic mapping {unknown}
 o - a scroll of enchant weapon {unknown}
 p - 2 scrolls of immolation {unknown}
 r - a scroll of noise {unknown}
Potions
 i - a potion of curing {unknown}
 j - 2 potions of haste {unknown}
 q - 2 potions of lignification {unknown}
 s - a potion of stabbing {unknown}
 u - a potion of brilliance {unknown}
Comestibles
 e - 6 rations
 m - 10 chunks of flesh


   Skills:
 + Level 4.3(4.1) Fighting
 * Level 5.2(4.9) Long Blades
 + Level 4.4(4.2) Armour
 + Level 4.9(4.7) Shields


You had 4 spell levels left.
You didn't know any spells.
Your spell library was empty.

Dungeon Overview and Level Annotations

Branches:
Dungeon (5/15)
 Temple: D:4-7

Altars:

Annotations:
D:4 Blork the orc


Innate Abilities, Weirdness & Mutations

You reflexively headbutt those who attack you in melee.
You have a pair of horns on your head.


Message History

You closely miss the orc.
The orc hits you with a +0 flail of draining.
* * * LOW HITPOINT WARNING * * *
You feel drained. You block the gnoll's attack.
An orc comes into view. It is wielding a +0 morningstar.
You slash the orc!
You kill the orc!
You block the gnoll's attack.
An orc comes into view. It is wielding a +0 short sword.
The orc shouts!
You slash the gnoll!
You kill the gnoll!
You hear a shout!
You hear an angry hiss.
An orc comes into view. It is wielding a +0 hand axe.
You block the gnoll's attack.
You hear an angry hiss.
You slash the orc!
You kill the orc!
The gnoll hits you with a +0 club.
You die...

##.........# ...
#..........# ...
#........?.#
.....#......)...#
.....#...........
.....#...........
?.....#.........?
.......#g@>o.o...
.....$W)#####....
.......o.g.# .
........##.#
........##!l.
.........##....
...<...#.###.....
..........# .....
..........# ....


You could see a phantom, a gnoll and 2 orcs.

Vanquished Creatures
  A crimson imp (D:2)
  An iguana (D:4)
  A hound skeleton (D:3)
  3 gnolls (D:4)
  2 adders
  2 dart slugs (D:1)
  2 leopard geckos
  4 orcs (D:4)
  2 ball pythons (D:1)
  4 giant cockroaches
  7 goblins
  12 hobgoblins
  14 jackals
  4 kobolds
  7 bats
  4 frilled lizards
  A jackal skeleton (D:3)
  6 rats
77 creatures vanquished.

Notes
Turn   | Place    | Note
-------+----------+-------------------------------------------
     0 | D:1      | Dirian the Minotaur Fighter began the quest for the Orb.
     0 | D:1      | Reached XP level 1. HP: 19/19 MP: 0/0
   177 | D:1      | Reached XP level 2. HP: 26/27 MP: 1/1
   448 | D:1      | Reached skill level 3 in Long Blades
   826 | D:2      | Reached XP level 3. HP: 33/33 MP: 2/2
  1124 | D:2      | Reached skill level 4 in Long Blades
  1124 | D:2      | Reached XP level 4. HP: 38/40 MP: 3/3
  1733 | D:3      | Reached XP level 5. HP: 46/46 MP: 4/4
  1781 | D:3      | Found a faded altar of an unknown god.
  1864 | D:3      | You fall into a shaft and drop 2 floors!
  1864 | D:5      | Entered Level 5 of the Dungeon
  1869 | D:4      | Noticed Blork the orc
  1869 | D:4      | Noticed a phantom
  1894 | D:4      | Reached skill level 5 in Long Blades
  1899 | D:4      | Slain by a gnoll

Illustrated notes

Levels and vault maps discovered:
D:1:      dpeg_arrival_rhombi, layout_basic
D:2:      layout_rooms, first_ration, hangedman_decor_clover_reticule,
          eino_tiny_chamber
D:3:      layout_loops_ring, chequers_ecumenical_altar_simple_redux
D:4:      layout_rooms, temple_fountains, serial_shops, shop,
          gup_sewer_entry_pipe, uniq_blork_the_orc
D:5:      layout_loops_ring, kennysheep_generic_room_13, uniq_eustachio

Skill      XL: |  1  2  3  4  5 |
---------------+----------------+-----
Armour         | 4 |  4.4
Fighting       | 4 |  4.3
Shields        | 4 |  4.9
Long Blades    | 3 4 5 |  5.2

Action                   |  1- 3 |  4- 6 || total
-------------------------+-------+-------++-------
Melee: Long sword        |    97 |    82 ||   179
       Headbutt          |    16 |    11 ||    27
  Use: Potion            |       |     1 ||     1
  Eat: Chunk             |     1 |     2 ||     3
Armor: Scale mail        |    48 |    28 ||    76
Dodge: Dodged            |    35 |    20 ||    55
Block: Kite shield       |    53 |    46 ||    99
       Rpst.: Long sword |    12 |     6 ||    18
